 Seeded DCSS version 0.28-a0-1555-g9ae15a6949 (webtiles) character file.

Game seed: 56 (custom seed)

8 knot the Chopper (level 2, 21/24 HPs)
             Began as a Demonspawn Berserker on Jan 19, 2022.
             Was a Follower of Trog.
             Quit the game on level 1 of the Dungeon.
             The game lasted 00:00:13 (324 turns).

knot the Chopper (Demonspawn Berserker)              Turns: 324, Time: 00:00:14

Health: 21/24      AC:  4    Str: 17    XL:     2   Next: 0%
Magic:  2/2        EV: 12    Int:  8    God:    Trog [*.....]
Gold:   8          SH:  0    Dex: 12    Spells: 1/1 levels left

rFire   . . .      SeeInvis .   a - +0 hand axe
rCold   . . .      Faith    .   (no shield)
rNeg    . . .      Spirit   .   b - +0 animal skin
rPois   .          Reflect  .   (no helmet)
rElec   .          Harm     .   (no cloak)
rCorr   .          Rampage  .   (no gloves)
Will    .....                   (no boots)
Stlth   +.........              (no amulet)
HPRegen 0.08/turn               (no ring)
MPRegen 0.08/turn               (no ring)

@: no status effects
A: slimy green scales 1
a: Renounce Religion, Berserk


You were on level 1 of the Dungeon.
You worshipped Trog.
Trog was aware of your devotion.
You visited 1 branch of the dungeon, and saw 1 of its levels.

You collected 8 gold pieces.

Inventory:

Hand Weapons
 a - a +0 hand axe (weapon)
Armour
 b - a +0 animal skin (worn)
Scrolls
 d - a scroll of enchant armour {unknown}
Potions
 c - a potion of curing {unknown}


   Skills:
 - Level 3.0 Fighting
 + Level 3.2 Axes
 - Level 1.7 Armour
 - Level 1.7 Dodging


You had one spell level left.
You didn't know any spells.
Your spell library was empty.

Dungeon Overview and Level Annotations

Branches:
Dungeon (1/15)

Altars:


Innate Abilities, Weirdness & Mutations

You are partially covered in slimy green scales. (AC +2)


Message History

You slash the endoplasm!
You kill the endoplasm!
Trog accepts your kill.
You feel a strong urge to attack something.
You start resting.
You feel your anger nearly subside.
You are no longer berserk.
You are exhausted.
You feel yourself slow down.
You start resting.
You feel yourself speed up.
You start resting.
You recover from your berserk rage.
You start resting.
HP restored.
You start waiting.
Done waiting.
You now have 8 gold pieces.
A ball python comes into view.
A ball python is nearby!
A ball python is nearby!
The ball python hisses angrily.
You hear a shout!
A ball python is nearby!
A goblin comes into view. It is wielding a +0 club.
An endoplasm comes into view.
The ball python bites you. The ball python closely misses you.
You hit the ball python.
The ball python is moderately wounded.
The ball python bites you. The ball python grabs you.
The ball python constricts you.
You barely miss the ball python.
The ball python is moderately wounded.
The ball python closely misses you. The ball python constricts you.
You hit the ball python.
You kill the ball python!
Trog accepts your kill.
A goblin comes into view. It is wielding a +0 dagger.
You have reached level 2!
Your demonic ancestry asserts itself...
Slimy green scales grow over part of your body.
Are you sure you want to abandon this character and quit the game? (Confirm with "yes".)

...# ##...#... ...#
#####......#.# ...#
#........#.#. ...#
##.###.#......
...####.......###.#.#
...'.......#..###.#.#
#
...####..#.........^
.g# ...#
#..#.......##.....
...# #.........@.gJ.#
...#
#.##.##...........
...#
#........#.###.##.
#### ####.......# #
#####.### .$. ....
..... ...#


You could see an endoplasm and 2 goblins.

Vanquished Creatures
  A dart slug (D:1)
  A ball python (D:1)
  2 endoplasms (D:1)
  A frilled lizard (D:1)
  A rat (D:1)
6 creatures vanquished.

Notes
Turn   | Place    | Note
-------+----------+-------------------------------------------
     0 | D:1      | knot the Demonspawn Berserker began the quest for the Orb.
     0 | D:1      | Reached XP level 1. HP: 18/18 MP: 1/1
   324 | D:1      | Gained mutation: You are partially covered in slimy green
                  | scales. (AC +2) [demonic ancestry]
   324 | D:1      | Reached XP level 2. HP: 21/24 MP: 2/2
   324 | D:1      | Quit the game

Illustrated notes

Levels and vault maps discovered:
D:1:      psy_arrival_statuary, layout_loops_cross, minmay_tiny_reverse_x

Skill      XL: |  1 |
---------------+----+-----
Axes           | 3 |  3.2
Fighting       | |  3.0
Armour         | |  1.7
Dodging        | |  1.7

Action                   || total
-------------------------++-------
Melee: Hand axe          ||    12
Invok: Berserk           ||     1
Armor: Animal skin       ||     4
Dodge: Dodged            ||    10

Table legend: (Time is in decaauts)
 A = Elapsed time spent in this place.
 B = Non-inter-level travel time spent in this place.
 C = Inter-level travel time spent in this place.
 D = Time resting spent in this place.
 E = Time spent auto-exploring this place.
 F = Levels seen in this place.
 G = Mean time per level.
                   A        B        C        D        E       F      G
               +--------+--------+--------+--------+--------+-----+--------+
         Total |    334 |    334 |      0 |    278 |     28 |   1 |  334.0 |
       Dungeon |    334 |    334 |      0 |    278 |     28 |   1 |  334.0 |
               +--------+--------+--------+--------+--------+-----+--------+

Top non-repeatable levels by time:
     D:1: 334 daAuts
